 Dungeon Crawl Stone Soup version 0.30-a0-304-gdc4b735fe1 (webtiles) character file.

Game seed: 8154958794600458646

54 Caerun the Magician (level 4, -10/31 HPs)
             Began as a Djinni Hedge Wizard on Oct 20, 2022.
             Mangled by Terence
             ... wielding a +0 mace
              (11 damage)
             ... on level 2 of the Dungeon.
             The game lasted 00:02:21 (1192 turns).

Caerun the Magician (Djinni Hedge Wizard)           Turns: 1192, Time: 00:02:22

Health: -10/31     AC:  2    Str:  9    XL:     4   Next: 12%
Gold:   65         EV: 12    Int: 18    God:
                   SH:  0    Dex: 12

rFire   + + .      SeeInvis .    a - +0 dagger
rCold   x . .      Faith    .    (no shield)
rNeg    . . .      Spirit   .    b - +0 robe
rPois   ∞          Reflect  .    c - +0 hat
rElec   .          Harm     .    (no cloak)
rCorr   .          Rampage  .    (no gloves)
Will    .....                    (boots unavailable)
Stlth   ++........               (no amulet)
HPRegen 0.25/turn                (no ring)
MPRegen 0.00/turn                (no ring)

@: flying, very slightly contaminated
A: sickness immunity, fire resistance 2, cold vulnerability 1, float, innate
caster, HP casting, extra vitality 1
a: no special abilities


You were on level 2 of the Dungeon.
You visited 1 branch of the dungeon, and saw 2 of its levels.

You collected 65 gold pieces.

Inventory:

Hand Weapons
 a - a +0 dagger (weapon)
Armour
 b - a +0 robe (worn)
 c - a +0 hat (worn)
Scrolls
 d - a scroll of amnesia {unknown}
 f - a scroll of teleportation {unknown}
 j - a scroll of vulnerability {unknown}
 n - a scroll of poison {unknown}
Potions
 e - 2 potions of attraction {unknown}
 g - 2 potions of heal wounds {unknown}
 h - 2 potions of curing {unknown}
 i - a potion of lignification {unknown}
 k - a potion of flight {unknown}
 l - a potion of brilliance {unknown}
 m - a potion of magic {unknown}


   Skills:
 * Level 0.6 Fighting
 * Level 0.3 Armour
 + Level 2.4 Dodging
 + Level 1.7 Stealth
 + Level 3.4 Spellcasting


You couldn't memorise any spells.
You knew the following spells:

 Your Spells              Type           Power      Damage    Failure   Level
a - Magic Dart            Conj           60%        1d6       3%          1
b - Slow                  Hex            60%        N/A       3%          1
c - Blink                 Tloc           30%        N/A       6%          2
d - Call Imp              Summ           15%        N/A       6%          2
e - Cigotuvi's Dreadful   Necr/Pois/Air  30%        N/A       6%          2
f - Mephitic Cloud        Conj/Pois/Air  15%        N/A       12%         3
g - Beastly Appendage     Tmut           30%        N/A       3%          1
Your spell library was empty.

Dungeon Overview and Level Annotations

Branches:
Dungeon (2/15)

Altars:

Annotations:
D:2 Terence


Innate Abilities, Weirdness & Mutations

You are immune to sickness and miasma.
You are immune to poison.
Your flesh is very heat resistant. (rF++)
You are vulnerable to cold. (rC-)
You float through the air rather than walking.
You learn spells naturally, not from books.
Your magical power is your life essence.
You have superior vitality. (+4 MHP)


Message History

Aim: Terence, wielding a +0 mace and wearing a +0 chain mail (severely wounded, 100% to hit)
The magic dart hits Terence.
Terence is severely wounded.
* * * LOW HITPOINT WARNING * * *
A dart slug comes into view.
Terence hits you with a +0 mace.
* * * LOW HITPOINT WARNING * * *
Casting: Magic Dart (safe; 3% risk of failure)
Confirm with . or Enter, or press ? or * to list all spells.
Aiming: Magic Dart (safe; 3% risk of failure)
Press: ? - help, Shift-Dir - straight line, f/p - Terence
Aim: Terence, wielding a +0 mace and wearing a +0 chain mail (severely wounded, 100% to hit)
The magic dart hits Terence but does no damage.
Terence is severely wounded.
* * * LOW HITPOINT WARNING * * *
Terence barely misses you.
Casting: Magic Dart (safe; 3% risk of failure)
Confirm with . or Enter, or press ? or * to list all spells.
Aiming: Magic Dart (safe; 3% risk of failure)
Press: ? - help, Shift-Dir - straight line, f/p - Terence
Aim: Terence, wielding a +0 mace and wearing a +0 chain mail (severely wounded, 100% to hit)
The magic dart hits Terence but does no damage.
Terence is severely wounded.
* * * LOW HITPOINT WARNING * * *
Terence hits you but does no damage.
Casting: Magic Dart (safe; 3% risk of failure)
Confirm with . or Enter, or press ? or * to list all spells.
Aiming: Magic Dart (safe; 3% risk of failure)
Press: ? - help, Shift-Dir - straight line, f/p - Terence
Aim: Terence, wielding a +0 mace and wearing a +0 chain mail (severely wounded, 100% to hit)
The magic dart hits Terence but does no damage.
Terence is severely wounded.
* * * LOW HITPOINT WARNING * * *
Terence barely misses you.
Casting: Magic Dart (safe; 3% risk of failure)
Confirm with . or Enter, or press ? or * to list all spells.
You don't have enough health to cast this spell.
Unknown command.
Terence attacks as you move away! Terence hits you with a +0 mace!
You die...

.. †# ##.## #w.. #..#
#..# #..# ########@.#
#......@..#
#.#######....).# #.#
####..# #.######### #
#....†....# #########.#
#.# ## #.####
.#################.##..


You could see Terence and a dart slug.

Vanquished Creatures
  3 dart slugs
  6 ball pythons
  5 bats
  4 endoplasms
  3 hobgoblins
  6 kobolds
  2 quokkas (D:1)
  5 frilled lizards
  9 goblins
  3 rats (D:1)
46 creatures vanquished.

Notes
Turn   | Place    | Note
-------+----------+-------------------------------------------
     0 | D:1      | Caerun the Djinni Hedge Wizard began the quest for the Orb.
     0 | D:1      | Caerun set off with the following spells memorised: Magic
                  | Dart, Slow, Blink, Call Imp, Cigotuvi's Dreadful Rot,
                  | Mephitic Cloud.
     0 | D:1      | Reached XP level 1. HP: 15/15 MP: 0/0
   108 | D:1      | Reached XP level 2. HP: 13/21 MP: 0/0
   163 | D:1      | Reached skill level 3 in Spellcasting
   316 | D:1      | Found a faded altar of an unknown god.
   318 | D:1      | Reached XP level 3. HP: 24/25 MP: 0/0
   318 | D:1      | Learned a level 1 spell: Beastly Appendage
  1111 | D:2      | Reached XP level 4. HP: 31/31 MP: 0/0
  1174 | D:2      | Noticed Terence
  1192 | D:2      | Mangled by Terence

Illustrated notes

Levels and vault maps discovered:
D:1:      dpeg_arrival_radiant, layout_rooms, ebering_ecumenical_altar_mist
D:2:      kennysheep_big_flooded_room, layout_loops_ring, uniq_terence

Skill      XL: |  1  2 |
---------------+-------+-----
Spellcasting   | 3 |  3.4
Fighting       | |  0.6
Armour         | |  0.3
Dodging        | |  2.4
Stealth        | |  1.7

Action                   |  1- 3 |  4- 6 || total
-------------------------+-------+-------++-------
Melee: Dagger            |     1 |     3 ||     4
 Cast: Magic Dart        |    89 |    20 ||   109
Armor: Robe              |     3 |     1 ||     4
Dodge: Dodged            |     4 |     4 ||     8

Table legend: (Time is in decaauts)
 A = Elapsed time spent in this place.
 B = Non-inter-level travel time spent in this place.
 C = Inter-level travel time spent in this place.
 D = Time resting spent in this place.
 E = Time spent auto-exploring this place.
 F = Levels seen in this place.
 G = Mean time per level.
                   A        B        C        D        E       F      G
               +--------+--------+--------+--------+--------+-----+--------+
         Total |   1191 |   1150 |     41 |      0 |    938 |   2 |  595.5 |
       Dungeon |   1191 |   1150 |     41 |      0 |    938 |   2 |  595.5 |
               +--------+--------+--------+--------+--------+-----+--------+

Top non-repeatable levels by time:
     D:1: 762 daAuts
     D:2: 429 daAuts
